| TOP OF THE 1ST |
|
Oklahoma City 89ers batting - Pitching for Wichita Aeros : RHP Jeff Heathcock
|
|
Pitching: RHP Jeff Heathcock
|
|
|
Batting: RHB James Glenn
|
0-0: Called Strike 0-1: Ball 1-1: Foul Ball, location: 2F 1-2: Strikes out swinging
|
|
Batting: RHB John Christensen
|
0-0: Ball 1-0: Ground out 5-3 (Groundball, 56, EV 90.6 MPH)
|
|
Batting: RHB Cecil Fielder
|
0-0: Ball 1-0: Ball 2-0: Foul Ball, location: 2F 2-1: Foul Ball, location: 2F 2-2: Ball 3-2: Fly out, F8 (Flyball, 8LXD, EV 85.0 MPH)
|
| Top of the 1st over - 0 runs, 0 hits, 0 errors, 0 left on base; Oklahoma City 0 - Wichita 0 |
| BOTTOM OF THE 1ST |
|
Wichita Aeros batting - Pitching for Oklahoma City 89ers : RHP Kennedy Corzel
|
|
Pitching: RHP Kennedy Corzel
|
|
|
Batting: LHB Omar Guerrero
|
0-0: Called Strike 0-1: Called Strike 0-2: Strikes out swinging
|
|
Batting: RHB Dave Hoenstine
|
0-0: Swinging Strike 0-1: Ball 1-1: Foul Ball, location: 2F 1-2: Hit by Pitch
|
|
Batting: LHB Michael Barnes
|
0-0: Ball 1-0: Grounds into double play, 4-6-3 (Groundball, 4, EV 86.3 MPH)
|
| Bottom of the 1st over - 0 runs, 0 hits, 0 errors, 0 left on base; Oklahoma City 0 - Wichita 0 |
| TOP OF THE 2ND |
|
Oklahoma City 89ers batting - Pitching for Wichita Aeros : RHP Jeff Heathcock
|
|
Batting: RHB Glenn Braggs
|
0-0: Called Strike 0-1: Ball 1-1: Fly out, F4 (Popup, 4D, EV 43.1 MPH)
|
|
Batting: RHB Tim Tolman
|
0-0: Foul Ball, location: 2F 0-1: Ball 1-1: Ball 2-1: Ball 3-1: Fly out, F4 (Flyball, 34D, EV 81.9 MPH)
|
|
Batting: RHB Nick Esasky
|
0-0: Ball 1-0: Called Strike 1-1: DOUBLE (Groundball, 5L, EV 106.3 MPH)
|
|
Batting: RHB Joe Redfield
|
0-0: Ground out 5-3 (Groundball, 56S, EV 88.8 MPH)
|
| Top of the 2nd over - 0 runs, 1 hit, 0 errors, 1 left on base; Oklahoma City 0 - Wichita 0 |
| BOTTOM OF THE 2ND |
|
Wichita Aeros batting - Pitching for Oklahoma City 89ers : RHP Kennedy Corzel
|
|
Batting: LHB Glenn Gulliver
|
0-0: Ball 1-0: Foul Ball, location: 2F 1-1: Foul Ball, location: 2F 1-2: Ball 2-2: Ground out U3 (Groundball, 3, EV 98.8 MPH)
|
|
Batting: RHB Jesse Barfield
|
0-0: Called Strike 0-1: Ball 1-1: Ball 2-1: Fly out, F7 (Flyball, 7LM, EV 95.6 MPH)
|
|
Batting: RHB Greg Cypret
|
0-0: Ball 1-0: Ground out 4-3 (Groundball, 4, EV 81.9 MPH)
|
| Bottom of the 2nd over - 0 runs, 0 hits, 0 errors, 0 left on base; Oklahoma City 0 - Wichita 0 |
| TOP OF THE 3RD |
|
Oklahoma City 89ers batting - Pitching for Wichita Aeros : RHP Jeff Heathcock
|
|
Batting: RHB Danny Jasso
|
0-0: Ball 1-0: DOUBLE (Line Drive, 9LM, EV 111.9 MPH)
|
|
Batting: RHB Ron Tingley
|
0-0: Ground out 5-3 (Groundball, 5S, EV 89.4 MPH)
|
|
Batting: RHB James Glenn
|
0-0: Called Strike 0-1: Ball 1-1: Foul Ball, location: 2F 1-2: SINGLE (Line Drive, 89S, EV 97.5 MPH) Danny Jasso to third Runner from 3rd tries for Home, SAFE, throw by RF to home
|
|
Batting: RHB John Christensen
|
0-0: Foul Ball, location: 2F 0-1: Ball 1-1: Ball 2-1: Fielders Choice at 2nd, 2-6 (Groundball, 13S, EV 68.8 MPH)
|
|
Batting: RHB Cecil Fielder
|
0-0: Ball 1-0: Foul Ball, location: 2F 1-1: Foul Ball, location: 2F 1-2: Fly out, F4 (Flyball, 34D, EV 93.1 MPH)
|
| Top of the 3rd over - 1 run, 2 hits, 0 errors, 1 left on base; Oklahoma City 1 - Wichita 0 |
| BOTTOM OF THE 3RD |
|
Wichita Aeros batting - Pitching for Oklahoma City 89ers : RHP Kennedy Corzel
|
|
Batting: RHB Gary House
|
0-0: Called Strike 0-1: Foul Ball, location: 2F 0-2: Strikes out swinging
|
|
Batting: RHB Dave Stenhouse
|
0-0: Foul Ball, location: 2F 0-1: Ball 1-1: Fly out, F4 (Popup, 4S, EV 76.3 MPH)
|
|
Batting: LHB Jesus Ramos
|
0-0: Called Strike 0-1: Ball 1-1: Ball 2-1: Foul Ball, location: 2F 2-2: Fly out, F9 (Flyball, 9, EV 73.1 MPH)
|
| Bottom of the 3rd over - 0 runs, 0 hits, 0 errors, 0 left on base; Oklahoma City 1 - Wichita 0 |
| TOP OF THE 4TH |
|
Oklahoma City 89ers batting - Pitching for Wichita Aeros : RHP Jeff Heathcock
|
|
Batting: RHB Glenn Braggs
|
0-0: Ball 1-0: SINGLE (Groundball, 23, EV 69.4 MPH) (infield hit)
|
|
Batting: RHB Tim Tolman
|
0-0: Ball 1-0: TRIPLE (Line Drive, 9D, EV 104.4 MPH) Glenn Braggs scores
|
|
Batting: RHB Nick Esasky
|
0-0: Called Strike 0-1: Ball 1-1: Swinging Strike 1-2: Ball 2-2: Ground out 6-3 (Groundball, 6, EV 83.1 MPH)
|
|
Batting: RHB Joe Redfield
|
0-0: Foul Ball, location: 2F 0-1: Ball 1-1: Ball 2-1: Fly out, F8 (Flyball, 8LD, EV 91.9 MPH)
|
|
Batting: RHB Danny Jasso
|
0-0: Ball 1-0: Fly out, F7 (Flyball, 78D, EV 99.4 MPH)
|
| Top of the 4th over - 1 run, 2 hits, 0 errors, 1 left on base; Oklahoma City 2 - Wichita 0 |
| BOTTOM OF THE 4TH |
|
Wichita Aeros batting - Pitching for Oklahoma City 89ers : RHP Kennedy Corzel
|
|
Batting: LHB Omar Guerrero
|
0-0: Foul Ball, location: 2F 0-1: Fly out, F7 (Flyball, 78M, EV 93.8 MPH)
|
|
Batting: RHB Dave Hoenstine
|
0-0: Ball 1-0: Ball 2-0: Foul Ball, location: 2F 2-1: Foul Ball, location: 2F 2-2: Ball 3-2: Base on Balls
|
|
Batting: LHB Michael Barnes
|
0-0: Ball 1-0: Foul Ball, location: 2F 1-1: Ball 2-1: Foul Ball, location: 2F 2-2: SINGLE (Line Drive, 7S, EV 103.1 MPH) Dave Hoenstine to second
|
|
Batting: LHB Glenn Gulliver
|
0-0: Called Strike 0-1: Foul Ball, location: 2F 0-2: Foul Ball, location: 2F 0-2: Ball 1-2: Ball 2-2: Strikes out swinging
|
|
Batting: RHB Jesse Barfield
|
0-0: Called Strike 0-1: Ball 1-1: Ground out 6-3 (Groundball, 6S, EV 88.1 MPH)
|
| Bottom of the 4th over - 0 runs, 1 hit, 0 errors, 2 left on base; Oklahoma City 2 - Wichita 0 |
| TOP OF THE 5TH |
|
Oklahoma City 89ers batting - Pitching for Wichita Aeros : RHP Jeff Heathcock
|
|
Batting: RHB Ron Tingley
|
0-0: Called Strike 0-1: Called Strike 0-2: Ball 1-2: Foul Ball, location: 2F 1-2: Foul Ball, location: 2F 1-2: Strikes out swinging
|
|
Batting: RHB James Glenn
|
0-0: Ball 1-0: Called Strike 1-1: Swinging Strike 1-2: Foul Ball, location: 2F 1-2: Ground out 5-3 (Groundball, 56, EV 85.0 MPH)
|
|
Batting: RHB John Christensen
|
0-0: Ball 1-0: Foul Ball, location: 2F 1-1: Fly out, F4 (Flyball, 4D, EV 81.3 MPH)
|
| Top of the 5th over - 0 runs, 0 hits, 0 errors, 0 left on base; Oklahoma City 2 - Wichita 0 |
| BOTTOM OF THE 5TH |
|
Wichita Aeros batting - Pitching for Oklahoma City 89ers : RHP Kennedy Corzel
|
|
Batting: RHB Greg Cypret
|
0-0: Called Strike 0-1: Ball 1-1: Ball 2-1: Ball 3-1: Swinging Strike 3-2: Foul Ball, location: 2F 3-2: Foul Ball, location: 2F 3-2: Ground out 5-3 (Groundball, 56S, EV 68.1 MPH)
|
|
Batting: RHB Gary House
|
0-0: Foul Ball, location: 2F 0-1: Ball 1-1: Foul Ball, location: 2F 1-2: Ball 2-2: Ball 3-2: Foul Ball, location: 2F 3-2: Ground out 5-3 (Groundball, 56, EV 78.8 MPH)
|
|
Batting: RHB Dave Stenhouse
|
0-0: Ball 1-0: Swinging Strike 1-1: Reached on error, E6 (Groundball, 6S, EV 89.4 MPH)
|
|
Batting: LHB Jesus Ramos
|
0-0: Ball 1-0: Ball 2-0: SINGLE (Line Drive, 4D, EV 107.5 MPH) Dave Stenhouse to second Runner from 2nd tries for 3rd, SAFE, no throw by CF
|
|
Batting: LHB Omar Guerrero
|
0-0: Ground out 4-3 (Groundball, 34, EV 83.1 MPH)
|
| Bottom of the 5th over - 0 runs, 1 hit, 1 error, 2 left on base; Oklahoma City 2 - Wichita 0 |
| TOP OF THE 6TH |
|
Oklahoma City 89ers batting - Pitching for Wichita Aeros : RHP Jeff Heathcock
|
|
Batting: RHB Cecil Fielder
|
0-0: Called Strike 0-1: Foul Ball, location: 2F 0-2: Ground out 4-3 (Groundball, 4MS, EV 76.3 MPH)
|
|
Batting: RHB Glenn Braggs
|
0-0: Ball 1-0: DOUBLE (Groundball, 5L, EV 109.4 MPH)
|
|
Batting: RHB Tim Tolman
|
0-0: Called Strike 0-1: Ball 1-1: Swinging Strike 1-2: Ball 2-2: Ball 3-2: SINGLE (Line Drive, 89S, EV 91.9 MPH) Glenn Braggs to third Runner from 3rd tries for Home, SAFE, throw by RF to home
|
|
Batting: RHB Nick Esasky
|
0-0: Ball 1-0: Foul Ball, location: 2F 1-1: Fly out, F8 (Flyball, 8RD, EV 101.3 MPH)
|
|
Batting: RHB Joe Redfield
|
0-0: Ball 1-0: Called Strike 1-1: Ground out 4-3 (Groundball, 34, EV 85.0 MPH)
|
| Top of the 6th over - 1 run, 2 hits, 0 errors, 1 left on base; Oklahoma City 3 - Wichita 0 |
| BOTTOM OF THE 6TH |
|
Wichita Aeros batting - Pitching for Oklahoma City 89ers : RHP Kennedy Corzel
|
|
Batting: RHB Dave Hoenstine
|
0-0: Ball 1-0: SINGLE (Line Drive, 6D, EV 98.8 MPH)
|
|
Batting: LHB Michael Barnes
|
0-0: Foul Ball, location: 2F 0-1: Ball 1-1: Foul Ball, location: 2F 1-2: Ball 2-2: Foul Ball, location: 2F 2-2: Grounds into double play, 4-6-3 (Groundball, 4M, EV 91.3 MPH)
|
|
Batting: LHB Glenn Gulliver
|
0-0: Called Strike 0-1: Foul Ball, location: 2F 0-2: Foul Ball, location: 2F 0-2: Ball 1-2: Ball 2-2: Foul Ball, location: 2F 2-2: Ground out 4-3 (Groundball, 34, EV 98.1 MPH)
|
| Bottom of the 6th over - 0 runs, 1 hit, 0 errors, 0 left on base; Oklahoma City 3 - Wichita 0 |
| TOP OF THE 7TH |
|
Oklahoma City 89ers batting - Pitching for Wichita Aeros : RHP Jeff Heathcock
|
|
Batting: RHB Danny Jasso
|
0-0: Called Strike 0-1: Ball 1-1: Called Strike 1-2: Ground out 6-3 (Groundball, 6, EV 82.5 MPH)
|
|
Batting: RHB Ron Tingley
|
0-0: Ball 1-0: Called Strike 1-1: Ball 2-1: Swinging Strike 2-2: Strikes out swinging
|
|
Batting: RHB James Glenn
|
0-0: Ball 1-0: Ground out 5-3 (Groundball, 56, EV 87.5 MPH)
|
| Top of the 7th over - 0 runs, 0 hits, 0 errors, 0 left on base; Oklahoma City 3 - Wichita 0 |
| BOTTOM OF THE 7TH |
|
Wichita Aeros batting - Pitching for Oklahoma City 89ers : RHP Kennedy Corzel
|
|
Batting: RHB Jesse Barfield
|
0-0: Ball 1-0: Foul Ball, location: 2F 1-1: Ball 2-1: Swinging Strike 2-2: Foul Ball, location: 2F 2-2: Ball 3-2: SINGLE (Popup, 56D, EV 50.0 MPH)
|
|
Batting: RHB Greg Cypret
|
0-0: Ball 1-0: Fly out, F9 (Flyball, 9S, EV 83.8 MPH)
|
|
Batting: RHB Gary House
|
0-0: Called Strike 0-1: Foul Ball, location: 2F 0-2: Ball 1-2: Foul Ball, location: 2F 1-2: Strikes out swinging
|
|
Batting: RHB Dave Stenhouse
|
0-0: Called Strike 0-1: 2-RUN HOME RUN (Line Drive, 7LD, EV 105.0 MPH), Distance : 342 ft
|
|
Batting: LHB Jesus Ramos
|
0-0: Ball 1-0: Ball 2-0: Ball 3-0: Called Strike 3-1: Fly out, F8 (Line Drive, 8LD, EV 106.3 MPH)
|
| Bottom of the 7th over - 2 runs, 2 hits, 0 errors, 0 left on base; Oklahoma City 3 - Wichita 2 |
| TOP OF THE 8TH |
|
Oklahoma City 89ers batting - Pitching for Wichita Aeros : RHP Jeff Heathcock
|
|
Batting: RHB John Christensen
|
0-0: Foul Ball, location: 2F 0-1: Called Strike 0-2: Fly out, F6 (Line Drive, 6, EV 74.4 MPH)
|
|
Batting: RHB Cecil Fielder
|
0-0: Called Strike 0-1: Ball 1-1: Ground out 5-3 (Groundball, 56, EV 86.9 MPH)
|
|
Batting: RHB Glenn Braggs
|
0-0: Ball 1-0: Ball 2-0: Called Strike 2-1: Ball 3-1: Called Strike 3-2: Ground out 6-3 (Groundball, 56, EV 98.1 MPH)
|
| Top of the 8th over - 0 runs, 0 hits, 0 errors, 0 left on base; Oklahoma City 3 - Wichita 2 |
| BOTTOM OF THE 8TH |
|
Wichita Aeros batting - Pitching for Oklahoma City 89ers : RHP Kennedy Corzel
|
|
Now at C: Robert Bailey
|
|
|
Now at 1B: John Harris
|
|
|
Batting: LHB Omar Guerrero
|
0-0: Ground out 4-3 (Groundball, 4, EV 80.6 MPH)
|
|
Batting: RHB Dave Hoenstine
|
0-0: SINGLE (Groundball, 34D, EV 101.9 MPH)
|
|
Batting: LHB Michael Barnes
|
0-0: Swinging Strike 0-1: Fly out, F9 (Flyball, 9, EV 86.9 MPH)
|
|
Batting: LHB Glenn Gulliver
|
0-0: Called Strike 0-1: Foul Ball, location: 2F 0-2: Ball 1-2: Strikes out swinging
|
| Bottom of the 8th over - 0 runs, 1 hit, 0 errors, 1 left on base; Oklahoma City 3 - Wichita 2 |
| TOP OF THE 9TH |
|
Oklahoma City 89ers batting - Pitching for Wichita Aeros : RHP Jeff Heathcock
|
|
Pitching: RHP Joey McLaughlin
|
|
|
Batting: RHB Tim Tolman
|
0-0: Ball 1-0: Swinging Strike 1-1: Ball 2-1: Ground out 6-3 (Groundball, 6, EV 86.3 MPH)
|
|
Batting: RHB Nick Esasky
|
0-0: Called Strike 0-1: Ball 1-1: Ball 2-1: Fly out, F8 (Flyball, 8LD, EV 88.1 MPH)
|
|
Batting: RHB Joe Redfield
|
0-0: Ball 1-0: Ball 2-0: Called Strike 2-1: Called Strike 2-2: Strikes out swinging
|
| Top of the 9th over - 0 runs, 0 hits, 0 errors, 0 left on base; Oklahoma City 3 - Wichita 2 |
| BOTTOM OF THE 9TH |
|
Wichita Aeros batting - Pitching for Oklahoma City 89ers : RHP Kennedy Corzel
|
|
Pitching: RHP Ernie Camacho
|
|
|
Batting: RHB Jesse Barfield
|
0-0: Foul Ball, location: 2F 0-1: Foul Ball, location: 2F 0-2: Ball 1-2: Foul Ball, location: 2F 1-2: Foul Ball, location: 2F 1-2: Fly out, F6 (Popup, 6MS, EV 76.3 MPH)
|
|
Batting: RHB Greg Cypret
|
0-0: Called Strike 0-1: Swinging Strike 0-2: Foul Ball, location: 2F 0-2: Foul Ball, location: 2F 0-2: Ball 1-2: Foul Ball, location: 2F 1-2: Foul Ball, location: 2F 1-2: Strikes out swinging
|
|
Pinch Hitting: SHB Gary Pettis
|
0-0: Ball 1-0: Ball 2-0: Ground out 6-3 (Groundball, 6S, EV 81.3 MPH)
|
| Bottom of the 9th over - 0 runs, 0 hits, 0 errors, 0 left on base; Oklahoma City 3 - Wichita 2 |
|